Map: Dusty Gorge

Players

HerfJones - Winner!

  • Race: Zerg Zerg
  • Spawn Location: 3:00

Throwfordays - Winner!

  • Race: Protoss Protoss
  • League: Bronze
  • Spawn Location: 5:00

VOD

Have the link to the VOD?

Description

Time

  • Played on: Jan. 25, 2019, 1:32 p.m.
  • Length: 35:06
Show
View Real Time Build Order
Export as new Build Order

HerfJones Zerg - Winner!

Build Orders:  

Get SALT Encoding   

  12  0:14  Drone  
  12  0:16  Drone  
  14  0:41  Overlord  
  14  1:08  Drone  
  15  1:11  Drone  
  15  1:19  Drone  
  17  1:54  Extractor  
  16  2:09  Drone  
  17  2:11  Drone  
  17  2:17  Drone  
  19  2:58  Extractor  
  18  3:01  Drone x3  
  21  3:44  Drone  
  22  3:50  Overlord  
  22  4:29  Drone  
  23  4:32  Drone x2  
  25  5:07  Spawning Pool  
  24  5:16  Evolution Chamber  
  23  6:08  Hatchery  
  22  7:10  Zerg Melee Weapons Level 1  
  22  7:53  Metabolic Boost  
  22  7:55  Drone  
  23  8:16  Drone  
  24  8:26  Drone  
  25  9:06  Lair  
  25  9:14  Lair  
  25  9:41  Drone x2  
  25  9:42  Drone  
  28  9:50  Zerg Missile Weapons Level 1  
  28  9:58  Drone  
  29  10:14  Queen  
  31  10:21  Drone  
  32  10:45  Drone  
  32  10:46  Drone  
  34  11:02  Overlord  
  32  11:36  Overseer  
  30  11:57  Zergling x4  
  30  11:58  Zergling x2  
  33  12:06  Zergling x2  
  33  12:07  Zergling x4  
  36  12:23  Overseer  
  36  12:30  Zerg Ground Armor Level 1  
  36  13:22  Drone x3  
  39  13:55  Queen  
  41  14:00  Drone  
  41  14:01  Drone  
  43  14:33  Drone  
  44  15:10  Zerg Melee Weapons Level 2  
  44  16:28  Overlord  
  44  16:29  Overlord  
  44  16:32  Overlord  
  44  18:23  Drone x3  
  114  18:50  Zerg Missile Weapons Level 2  
  47  19:18  Infestation Pit  
  46  19:25  Drone  
  47  19:31  Drone x2  
  49  19:54  Extractor  
  48  20:06  Drone  
  48  20:07  Drone  
  50  20:20  Extractor  
  49  20:34  Hatchery  
  48  20:47  Overlord  
  48  21:08  Unknown  
  48  21:38  Unknown  
  46  23:13  Zergling x2  
  46  23:14  Zergling x4  
  48  23:20  Zergling x4  
  48  23:21  Zergling x2  
  48  23:27  Zergling x6  
  51  24:49  Zergling x4  
  150  24:50  Zergling x2  
  53  24:53  Hatchery  
  53  25:52  Zergling x4  
  53  25:53  Zergling x2  
  53  25:55  Zergling x2  
  53  25:56  Zergling x4  
  59  26:05  Zergling x2  
  59  26:06  Zergling x4  
  62  26:13  Unknown  
  62  26:38  Zerg Ground Armor Level 2  
  62  27:53  Unknown  
  46  30:27  Drone  
  46  30:28  Drone  
  48  31:12  Extractor  
  48  31:17  Zergling x2  
  48  31:18  Zergling x4  
  50  31:20  Zergling x4  
  50  31:21  Zergling x2  
  50  31:22  Zergling x4  
  50  31:23  Zergling x2  
  56  31:50  Hive  
  56  32:04  Zergling x2  
  56  32:05  Zergling x4  
  56  32:08  Zergling x2  
  56  32:09  Zergling x4  
  62  32:11  Zergling x2  
  62  32:12  Zergling x4  
  62  32:14  Zergling x6  
Show
View Real Time Build Order
Export as new Build Order

Throwfordays Protoss - Winner!

Build Orders:  

Get SALT Encoding   

  12  0:03  Probe (Chrono Boost)  
  14  0:20  Probe (Chrono Boost)  
  14  0:27  Pylon  
  14  0:38  Probe (Chrono Boost)  
  15  0:55  Probe (Chrono Boost)  
  16  1:11  Gateway  
  16  1:17  Assimilator  
  16  1:35  Probe (Chrono Boost)  
  18  1:52  Probe (Chrono Boost)  
  18  2:08  Probe (Chrono Boost)  
  19  2:17  Nexus  
  19  2:18  Cybernetics Core  
  19  2:25  Probe (Chrono Boost)  
  20  2:54  Probe (Chrono Boost)  
  21  3:15  Forge  
  21  3:34  Pylon  
  21  3:49  Zealot  
  23  4:08  Warp Gate  
  22  4:27  Zealot  
  24  4:39  Photon Cannon  
  24  4:40  Photon Cannon  
  24  4:58  Pylon  
  24  5:02  Pylon  
  24  5:07  Probe (Chrono Boost)  
  26  5:11  Probe (Chrono Boost)  
  26  5:24  Probe (Chrono Boost)  
  26  5:28  Probe (Chrono Boost)  
  28  5:33  Assimilator  
  29  5:41  Probe (Chrono Boost)  
  29  5:45  Probe (Chrono Boost)  
  29  5:47  Adept  
  32  5:58  Probe (Chrono Boost)  
  34  6:02  Probe (Chrono Boost)  
  34  6:12  Gateway  
  34  6:15  Gateway, Probe (Chrono Boost)  
  34  6:19  Gateway, Probe (Chrono Boost)  
  36  6:32  Probe (Chrono Boost)  
  36  6:34  Nexus  
  36  6:35  Probe (Chrono Boost)  
  38  6:40  Protoss Ground Weapons Level 1  
  38  7:24  Pylon  
  38  7:29  Pylon  
  38  7:40  Pylon  
  38  7:53  Probe (Chrono Boost)  
  38  7:58  Probe (Chrono Boost)  
  41  8:10  Probe (Chrono Boost)  
  41  8:15  Probe (Chrono Boost)  
  42  8:25  Photon Cannon  
  42  8:27  Probe (Chrono Boost)  
  42  8:28  Photon Cannon  
  44  8:31  Photon Cannon  
  44  8:32  Probe (Chrono Boost)  
  44  8:38  Probe (Chrono Boost)  
  45  8:44  Probe (Chrono Boost)  
  45  8:48  Probe (Chrono Boost)  
  47  8:55  Probe (Chrono Boost)  
  48  9:05  Probe (Chrono Boost)  
  50  9:12  Probe (Chrono Boost)  
  50  9:22  Probe (Chrono Boost)  
  50  9:28  Probe (Chrono Boost)  
  52  9:39  Probe (Chrono Boost)  
  53  9:45  Probe (Chrono Boost)  
  54  9:56  Probe (Chrono Boost)  
  55  10:19  Assimilator  
  55  10:25  Assimilator  
  56  10:32  Probe (Chrono Boost)  
  56  10:34  Assimilator  
  56  10:37  Protoss Ground Armor Level 1  
  56  10:41  Assimilator  
  56  10:49  Probe (Chrono Boost)  
  57  11:02  Nexus  
  57  11:06  Probe (Chrono Boost)  
  58  11:20  Adept x2  
  58  11:21  Adept x2  
  58  11:23  Probe (Chrono Boost)  
  67  11:52  Stalker x4  
  73  12:49  Probe (Chrono Boost)  
  74  12:54  Probe (Chrono Boost)  
  74  12:57  Probe (Chrono Boost)  
  77  13:01  Probe (Chrono Boost)  
  77  13:06  Probe (Chrono Boost)  
  79  13:11  Probe (Chrono Boost)  
  79  13:14  Probe (Chrono Boost)  
  79  13:18  Probe (Chrono Boost)  
  81  13:22  Pylon, Probe (Chrono Boost)  
  81  13:28  Probe (Chrono Boost)  
  84  13:31  Probe (Chrono Boost)  
  84  13:34  Probe (Chrono Boost)  
  84  13:39  Probe (Chrono Boost)  
  86  13:44  Probe (Chrono Boost)  
  87  13:56  Probe (Chrono Boost)  
  87  13:57  Protoss Shields Level 1  
  89  14:01  Probe (Chrono Boost)  
  89  14:13  Photon Cannon  
  89  14:15  Photon Cannon  
  90  14:43  Stalker  
  90  14:44  Stalker x3  
  98  15:10  Probe (Chrono Boost)  
  98  15:15  Photon Cannon  
  98  15:17  Photon Cannon  
  98  15:22  Photon Cannon  
  98  15:26  Photon Cannon  
  98  15:27  Probe (Chrono Boost)  
  100  15:30  Probe (Chrono Boost)  
  100  15:47  Probe (Chrono Boost)  
  101  16:04  Probe (Chrono Boost)  
  102  16:10  Pylon  
  102  16:15  Pylon  
  103  16:21  Probe (Chrono Boost)  
  103  16:24  Pylon  
  103  16:29  Pylon  
  103  16:33  Pylon  
  103  16:38  Pylon, Probe (Chrono Boost)  
  104  17:01  Protoss Air Weapons Level 1  
  104  17:15  Twilight Council  
  104  17:24  Stargate  
  104  17:26  Stargate  
  104  17:29  Stargate  
  104  17:31  Stargate  
  104  17:45  Assimilator  
  104  17:50  Assimilator  
  104  18:57  Protoss Shields Level 2  
  104  19:06  Phoenix x2  
  104  19:07  Phoenix  
  104  19:08  Phoenix  
  112  19:41  Phoenix x2  
  112  19:42  Phoenix x2  
  120  20:11  Fleet Beacon  
  120  20:14  Fleet Beacon  
  120  20:17  Templar Archives  
  120  20:19  Dark Shrine  
  120  20:20  Nexus  
  120  20:33  Pylon  
  120  20:38  Pylon  
  120  21:13  Unknown  
  120  21:14  Anion Pulse-Crystals  
  114  22:33  Charge  
  114  23:35  Probe (Chrono Boost)  
  114  23:38  Assimilator  
  115  23:45  Assimilator  
  116  23:52  Probe (Chrono Boost)  
  116  24:09  Probe (Chrono Boost)  
  117  24:26  Probe (Chrono Boost)  
  118  24:43  Probe (Chrono Boost)  
  119  25:23  Blink  
  117  26:28  Protoss Air Weapons Level 2  
  117  26:30  Protoss Shields Level 3  
  117  26:44  Pylon  
  117  26:59  Psionic Storm  
  117  28:24  Dark Templar x4  
  125  29:18  Unknown  
  121  33:51  Unknown  
Tags
 
League
Bronze
Matchup
Co-op
Replay Pack
Multiplayer
Add a new tag
Caveats
  • Supply blocks, unpowered buildings, or Contaminate may cause inaccurate times.
  • Supply counts are checked every 10 seconds.